 Dungeon Crawl Stone Soup version 0.23.1 (webtiles) character file.

Game seed: 16153678991761114243

406 Kairos the Chopper (level 6, -5/32 HPs)
             Began as a Vine Stalker Fighter on Mar 6, 2019.
             Slain by an ogre
             ... wielding a +0 giant spiked club
              (25 damage)
             ... on level 4 of the Dungeon.
             The game lasted 00:06:03 (3075 turns).

Kairos the Chopper (Vine Stalker Fighter)           Turns: 3075, Time: 00:06:03

Health: -5/32      AC:  7    Str: 20    XL:     6   Next: 87%
Magic:  0/7        EV:  8    Int:  8    God:
Gold:   182        SH:  9    Dex: 14    Spells: 5/5 levels left

rFire    . . .     SeeInvis .   a - +3 war axe
rCold    . . .     Gourm    .   c - +0 shield
rNeg     . . .     Faith    .   b - +1 scale mail
rPois    .         Spirit   +   (no helmet)
rElec    .         Reflect  .   (no cloak)
rCorr    +         Harm     .   (no gloves)
MR       .....                  (no boots)
Stlth    ..........             h - amulet of rage
HPRegen  0.50/turn              m - ring of resist corrosion
MPRegen  0.10/turn              s - ring of attention (curse)

@: no status effects
A: fangs 2, regeneration 1, magic shield, antimagic bite, no potion heal 3, rot
immunity
a: Evoke Berserk Rage


You were on level 4 of the Dungeon.
You were very hungry.

You visited 1 branch of the dungeon, and saw 4 of its levels.
You also visited: Sewer.

You collected 182 gold pieces.

Inventory:

Hand Weapons
 a - a +3 war axe (weapon)
 r - a +3 flail
Missiles
 e - 7 javelins (quivered)
Armour
 b - a +1 scale mail (worn)
 c - a +0 shield (worn)
Jewellery
 h - an amulet of rage (around neck)
 j - an uncursed ring of fire
 m - a ring of resist corrosion (left hand)
 s - a cursed ring of attention (right hand)
Scrolls
 g - a scroll of blinking
 o - a scroll of amnesia
Potions
 d - a potion of might
 i - a potion of degeneration {unknown}
 l - a potion of invisibility {unknown}
 n - a potion of lignification {unknown}
 p - a potion of cancellation {unknown}
 u - a potion of flight
 v - 3 potions of heal wounds {unknown}
 x - a potion of curing {unknown}
Comestibles
 f - 6 rations


   Skills:
 + Level 3.5 Fighting
 + Level 4.3 Axes
 + Level 3.1 Armour
 + Level 1.3 Dodging
 + Level 1.1 Stealth
 + Level 3.8 Shields


You had 5 spell levels left.
You didn't know any spells.
Your spell library was empty.

Dungeon Overview and Level Annotations

Branches:
Dungeon (4/15)
 Temple: D:4-7

Altars:
Makhleb
Ru


Innate Abilities, Weirdness & Mutations

You have extremely sharp teeth.
Your natural rate of healing is unusually fast.
When hurt, damage is shared between your health and your magic reserves.
Your bite disrupts and absorbs the magic of your enemies.
Potions cannot restore your health.
You are immune to rotting.


Message History

There are monsters nearby!
There are monsters nearby!
The adder barely misses you.
A scorpion comes into view.
You closely miss the adder. Your bite misses the adder.
The adder barely misses you. The adder bites you.
You miss the adder. Your bite misses the adder. You block the adder's attack.
You barely miss the adder. Your bite misses the adder.
You block the adder's attack. The adder closely misses you.
You hit the ogre.
The ogre is lightly wounded.
You hit the adder. The adder closely misses you.
The ogre hits you with a +0 giant spiked club!
You block the adder's attack.
You miss the adder.
The adder is severely wounded.
You slash the ogre! The adder bites you but does no damage.
The ogre hits you with a +0 giant spiked club!!
Ouch! That really hurt!
You die...

# .# # ..#
#...######...#
#....@<...#
.....sSO....#
...............#
.##............#
#........###.#
..........# #
...........#
...........#


You could see an ogre, a scorpion and an adder.

Vanquished Creatures
  A big kobold (Sewer)
  A scorpion (D:3)
  A jelly (D:2)
  2 orc wizards (D:3)
  Terence (D:2)
  5 adders
  A river rat (Sewer)
  3 worms (D:3)
  6 leopard geckos
  10 orcs (D:3)
  2 giant cockroaches
  5 goblins
  12 hobgoblins
  11 jackals
  12 kobolds
  2 quokkas
  A ball python (D:1)
  10 bats
  6 frilled lizards
  7 rats
99 creatures vanquished.

Notes
Turn   | Place    | Note
-------+----------+-------------------------------------------
     0 | D:1      | Kairos the Vine Stalker Fighter began the quest for the
                  | Orb.
     0 | D:1      | Reached XP level 1. HP: 11/11 MP: 2/2
    72 | D:1      | Reached XP level 2. HP: 16/16 MP: 3/3
   544 | D:1      | Reached skill level 2 in Axes
   668 | D:2      | Reached XP level 3. HP: 4/20 MP: 0/4
   974 | D:2      | Gained mutation: Your natural rate of healing is unusually
                  | fast. [Vine Stalker growth]
   974 | D:2      | Reached XP level 4. HP: 18/24 MP: 3/5
  1252 | D:2      | Noticed Terence
  1265 | D:2      | Killed Terence
  1265 | D:2      | Reached skill level 1 in Dodging
  1305 | D:2      | Reached skill level 3 in Axes
  1603 | D:3      | Found a sacrificial altar of Ru.
  1628 | D:3      | Reached XP level 5. HP: 25/28 MP: 6/6
  1719 | D:3      | Found a burning altar of Makhleb.
  2024 | D:3      | Reached XP level 6. HP: 32/32 MP: 7/7
  2090 | D:3      | Found a glowing drain.
  2109 | Sewer    | Entered a sewer
  2174 | Sewer    | Reached skill level 4 in Axes
  2188 | Sewer    | Reached skill level 1 in Stealth
  2207 | Sewer    | Found a white marble altar of Elyvilon.
  3075 | D:4      | Slain by an ogre

Skill      XL: |  1  2  3  4  5  6 |
---------------+-------------------+-----
Shields        | 3 |  3.8
Fighting       | 3 |  3.5
Axes           | 2 3 4 |  4.3
Dodging        | 1 |  1.3
Armour         | 3 |  3.1
Stealth        | 1 |  1.1

Action                   |  1- 3 |  4- 6 || total
-------------------------+-------+-------++-------
Melee: War axe           |    68 |   186 ||   254
       Bite              |    14 |    51 ||    65
 Abil: Evoke Berserk Rag |     1 |       ||     1
  Use: Scroll            |       |    10 ||    10
       Potion            |       |     1 ||     1
 Stab: Paralysed         |       |     2 ||     2
  Eat: Chunk             |       |     7 ||     7
Armor: Scale mail        |    34 |    60 ||    94
Dodge: Dodged            |    28 |    54 ||    82
Block: Shield            |    39 |   117 ||   156
